 Dungeon Crawl Stone Soup version 0.29.1-15-g9cfb28693d (webtiles) character file.

Game seed: 7916127404442270895

219 LustLizard the Ruffian (level 5, -9/53 HPs)
             Began as a Troll Fighter on Mar 25, 2023.
             Mangled by a gnoll
             ... wielding a +0 halberd
              (15 damage)
             ... on level 5 of the Dungeon.
             The game lasted 00:04:19 (1745 turns).

LustLizard the Ruffian (Troll Fighter)              Turns: 1745, Time: 00:04:19

Health: -9/53      AC:  4    Str: 24    XL:     5   Next: 64%
Magic:  4/4        EV:  8    Int:  6    God:
Gold:   128        SH:  7    Dex:  9    Spells: 4/4 levels left

rFire   . . .      SeeInvis +     - Unarmed
rCold   . . .      Faith    .   b - +0 kite shield
rNeg    . . .      Spirit   .   a - +0 robe
rPois   .          Reflect  .   (helmet restricted)
rElec   .          Harm     .   (no cloak)
rCorr   .          Rampage  .   (gloves unavailable)
Will    .....                   (boots unavailable)
Stlth   +.........              (no amulet)
HPRegen 0.97/turn               l - ring of see invisible
MPRegen 0.09/turn               (no ring)

@: no status effects
A: large, unfitting armour, claws 3, regeneration 1, shaggy fur 1, tough skin 1
a: no special abilities


You were on level 5 of the Dungeon.
You visited 1 branch of the dungeon, and saw 4 of its levels.

You collected 128 gold pieces.

Inventory:

Armour
 a - a +0 robe (worn)
 b - a +0 kite shield (worn)
Jewellery
 g - an amulet of magic regeneration
 l - a ring of see invisible (left claw)
Wands
 m - a wand of mindburst (15)
 r - a wand of charming (8)
Scrolls
 d - 2 scrolls of identify {unknown}
 h - a scroll of immolation {unknown}
 k - a scroll of magic mapping {unknown}
 p - a scroll of amnesia {unknown}
Potions
 c - 2 potions of might
 e - 2 potions of lignification {unknown}
 f - 3 potions of curing {unknown}
 i - a potion of degeneration {unknown}
 j - a potion of ambrosia {unknown}
 n - a potion of attraction {unknown}
 o - a potion of flight {unknown}
 q - a potion of berserk rage {unknown}


   Skills:
 + Level 3.3 Fighting
 - Level 2.4 Dodging
 + Level 3.7 Shields
 * Level 4.4 Unarmed Combat


You had 4 spell levels left.
You didn't know any spells.
Your spell library was empty.

Dungeon Overview and Level Annotations

Branches:
Dungeon (3/15)

Altars:
Gozag
Qazlal


Innate Abilities, Weirdness & Mutations

You are too large for most types of armour.
You have claws for hands.
Your natural rate of healing is unusually fast.
You are covered in fur. (AC +1)
You have tough skin. (AC +1)


Message History

A gnoll comes into view. It is wielding a +0 halberd.
The gnoll shouts!
A gnoll comes into view. It is wielding a +0 halberd.
The gnoll shouts!
You closely miss the hound. The hound barely misses you.
The gnoll hits you from afar with a +0 halberd.
You scratch the hound.
The hound is moderately wounded.
You block the hound's attack. The gnoll closely misses you.
The hound closely misses you.
You barely miss the hound.
The hound is moderately wounded.
The hound barely misses you. You block the gnoll's attack.
You barely miss the hound.
The hound is moderately wounded.
The hound barely misses you.
The gnoll hits you from afar with a +0 halberd.
The hound bites you but does no damage.
The gnoll hits you from afar with a +0 halberd.
You closely miss the hound.
The hound is moderately wounded.
You block the hound's attack.
The gnoll hits you from afar with a +0 halberd!
You block the gnoll's attack.
You claw the hound!
You kill the hound!
You block the gnoll's attack. The gnoll barely misses you.
The gnoll hits you with a +0 halberd! You block the gnoll's attack.
You see here a hound corpse.
You barely miss the gnoll. The gnoll hits you with a +0 halberd.
The gnoll barely misses you.
You closely miss the gnoll. The gnoll closely misses you.
The gnoll barely misses you.
You closely miss the gnoll. You block the gnoll's attack.
The gnoll hits you with a +0 halberd!
You barely miss the gnoll. The gnoll hits you with a +0 halberd!
* * * LOW HITPOINT WARNING * * *
The gnoll splashes around in the water.
You barely miss the gnoll. The gnoll hits you with a +0 halberd!
You die...

.....................>....#
############.######.#.###.#
#.# #.#.#
#######.######'#.#
#.......#........# #
#.#######..P.P$P.### # #.#
#...~.~...... #.#
#..P~.~P..##. #.#
##.@~.~P..# #.# #.ggP~P..#
..!..8## #.P.PPP.## ..####
#.......# #.####..# #.#
...# ..# ..# ..# .# ..#


You could see 2 gnolls.

Vanquished Creatures
  A necrophage (D:5)
  2 hounds (D:5)
  2 gnolls
  3 adders (D:2)
  2 worms (D:2)
  4 orcs (D:5)
  2 bats (D:2)
  4 endoplasms
  2 giant cockroaches
  5 goblins
  A hobgoblin (D:1)
  2 jackals (D:2)
  6 kobolds
  4 ball pythons
  2 frilled lizards (D:1)
  4 rats
  A spectral hobgoblin (D:1)
47 creatures vanquished.

Notes
Turn   | Place    | Note
-------+----------+-------------------------------------------
     0 | D:1      | LustLizard the Troll Fighter began the quest for the Orb.
     0 | D:1      | Reached XP level 1. HP: 22/22 MP: 0/0
   143 | D:1      | Reached XP level 2. HP: 29/29 MP: 1/1
   149 | D:1      | Found a faded altar of an unknown god.
   719 | D:2      | Reached XP level 3. HP: 36/36 MP: 2/2
   762 | D:2      | Reached skill level 3 in Unarmed Combat
   902 | D:2      | Reached XP level 4. HP: 44/44 MP: 3/3
  1510 | D:3      | You fall into a shaft and drop 2 floors!
  1510 | D:5      | Entered Level 5 of the Dungeon
  1514 | D:5      | Noticed a necrophage
  1524 | D:5      | Killed a necrophage
  1525 | D:5      | Reached XP level 5. HP: 53/53 MP: 4/4
  1550 | D:5      | Reached skill level 4 in Unarmed Combat
  1615 | D:5      | Found a stormy altar of Qazlal.
  1635 | D:5      | Found an opulent altar of Gozag.
  1640 | D:5      | Noticed a phantom
  1745 | D:5      | Mangled by a gnoll

Illustrated notes

Levels and vault maps discovered:
D:1:      lordsloth_arrival_two_stooges, layout_basic,
          dreamdust_ecumenical_altar_drowned_temple, minmay_strange_pillars,
          minmay_stone_trees_medium, serial_bayou_pond_c
D:2:      layout_basic
D:3:      layout_basic, serial_shops, shop, uniq_natasha
D:5:      layout_basic, jmf_multi_god_temple, temple_hall,
          lightli_ossuary_entry_decrepit_ruins, dreamdust_gnoll_farm

Skill      XL: |  1  2  3  4  5 |
---------------+----------------+-----
Shields        | 3 |  3.7
Unarmed Combat | 3 4 |  4.4
Fighting       | 3 |  3.3
Dodging        | |  2.4

Action                   |  1- 3 |  4- 6 || total
-------------------------+-------+-------++-------
Melee: Unarmed           |   120 |    60 ||   180
Armor: Robe              |    41 |    21 ||    62
Dodge: Dodged            |    51 |    27 ||    78
Block: Kite shield       |    51 |    24 ||    75
